Map: [ESL] Berlingrad

Players

Percival

  • Race: Terran Terran

ByuN - Winner!

  • Race: Terran Terran

Event: IEM Katowice 2022

VOD

Have the link to the VOD?

Description

Time

  • Played on: Feb. 23, 2022, 5:25 a.m.
  • Length: 10:43

All games in this series

Show
View Real Time Build Order
Export as new Build Order

Percival Terran 

Build Orders: Gas First Reaper Expand, Hellion Opening 

Get SALT Encoding   

  12  0:00  SCV  
  13  0:12  SCV  
  14  0:17  Supply Depot  
  14  0:24  SCV  
  14  0:27  Refinery  
  15  0:38  SCV  
  16  0:43  Barracks  
  16  0:50  SCV  
  17  1:02  SCV  
  18  1:14  SCV  
  19  1:30  Reaper, Orbital Command  
  20  1:41  Command Center  
  20  1:55  Factory  
  20  1:56  SCV  
  21  2:04  Barracks Reactor  
  21  2:08  Supply Depot, SCV  
  22  2:14  Refinery  
  22  2:20  SCV  
  23  2:32  SCV  
  24  2:42  Starport  
  26  2:44  SCV, Hellion x2  
  26  2:47  Barracks Tech Lab  
  29  2:53  Orbital Command  
  29  2:56  SCV  
  32  3:05  Hellion  
  32  3:06  Hellion  
  32  3:11  Marauder  
  35  3:13  Concussive Shells  
  35  3:20  Medivac  
  37  3:27  Hellion  
  37  3:29  Hellion  
  37  3:32  Marauder  
  43  3:35  Supply Depot  
  43  3:38  SCV  
  43  3:40  SCV  
  45  3:46  Refinery  
  45  3:50  SCV  
  46  4:01  Supply Depot  
  46  4:02  SCV, Viking x2  
  49  4:05  SCV  
  52  4:16  SCV  
  52  4:17  SCV  
  54  4:22  Siege Tank  
  55  4:28  SCV  
  55  4:29  Marine  
  57  4:32  SCV  
  57  4:35  Viking x2  
  60  4:41  SCV  
  60  4:44  Supply Depot, SCV  
  62  4:48  Supply Depot  
  62  5:02  Supply Depot  
  62  5:05  SCV x2, Marine, Siege Tank  
  68  5:13  Viking x2  
  72  5:17  SCV  
  72  5:20  SCV  
  72  5:23  Marine  
  73  5:30  SCV  
  73  5:31  Refinery  
  73  5:33  SCV  
  75  5:42  SCV  
  76  5:45  SCV  
  76  5:46  Siege Tank  
  74  5:54  SCV  
  72  5:57  SCV  
  73  6:05  Marine  
  73  6:06  SCV  
  73  6:09  SCV  
  76  6:18  SCV  
  77  6:21  SCV  
  77  6:23  Marine  
  77  6:24  Siege Tank  
  80  6:30  SCV  
  81  6:33  SCV  
  81  6:42  SCV, Barracks Tech Lab, Viking x2  
  86  6:50  Supply Depot  
  86  6:51  Supply Depot  
  86  7:05  SCV, Marine  
  86  7:11  SCV, Siege Tank  
  89  7:17  SCV  
  77  7:23  SCV, Marine  
  77  7:29  SCV  
  75  7:31  Viking x2  
  75  7:35  SCV  
  75  7:36  Command Center  
  80  7:41  SCV  
  80  7:47  Barracks, SCV  
  80  7:48  Engineering Bay  
  80  7:49  Barracks  
  80  7:50  Marine  
  82  7:52  Engineering Bay  
  82  7:54  SCV  
  73  8:00  SCV  
  66  8:06  SCV  
  66  8:08  Marine, Siege Tank  
  66  8:09  Viking  
  66  8:12  SCV  
  71  8:18  SCV  
  68  8:20  Viking  
  68  8:21  Terran Infantry Weapons Level 1, Terran Infantry Armor Level 1  
  68  8:24  SCV  
  71  8:27  Marine  
  71  8:29  Stimpack  
  71  8:30  SCV  
  73  8:35  Barracks Reactor x2  
  73  8:36  SCV  
  73  8:40  Siege Tank  
  77  8:44  SCV  
  77  8:45  Marine  
  77  8:48  SCV  
  80  8:49  Orbital Command  
  80  8:52  Refinery x2  
  80  8:53  Viking  
  82  8:56  SCV  
  82  9:00  SCV  
  83  9:09  SCV  
  83  9:12  SCV  
  83  9:14  Marine x5  
  83  9:15  Siege Tank  
  92  9:19  Sensor Tower  
  92  9:24  SCV x2  
  92  9:25  Barracks  
  92  9:26  Barracks  
  98  9:32  Liberator x2  
  98  9:37  Supply Depot, SCV x3  
  98  9:38  Supply Depot  
  95  9:48  Marine x5  
  95  9:49  SCV  
  95  9:51  Siege Tank  
  93  9:55  SCV x2  
  94  10:01  SCV  
  94  10:06  Marine  
  94  10:07  SCV x2, Marine x4  
Show
View Real Time Build Order
Export as new Build Order

ByuN Terran - Winner!

Build Orders:  

Get SALT Encoding   

  12  0:00  SCV  
  13  0:12  SCV  
  14  0:16  Supply Depot  
  14  0:24  SCV  
  15  0:38  SCV  
  15  0:40  Barracks  
  15  0:42  Refinery  
  16  0:50  SCV  
  17  0:57  Refinery  
  17  1:02  SCV  
  18  1:14  SCV  
  19  1:26  Reaper  
  19  1:27  Orbital Command  
  19  1:32  Supply Depot  
  20  1:43  Factory  
  20  1:52  SCV  
  21  1:58  Reaper  
  22  2:04  SCV  
  23  2:16  SCV  
  23  2:20  Command Center  
  24  2:27  Hellion  
  24  2:28  SCV  
  27  2:31  Reaper  
  27  2:36  Supply Depot  
  28  2:40  SCV  
  29  2:48  Widow Mine  
  31  2:51  Starport  
  31  2:58  SCV  
  32  3:06  Barracks Reactor  
  32  3:10  SCV  
  32  3:11  Factory Tech Lab  
  33  3:22  SCV  
  34  3:27  Starport Tech Lab  
  34  3:31  Orbital Command  
  34  3:34  Refinery, Cyclone  
  34  3:35  SCV  
  38  3:44  Marine x2  
  38  3:47  Supply Depot  
  38  3:48  SCV  
  41  3:50  Raven  
  43  4:00  SCV x2  
  43  4:02  Marine x2  
  47  4:10  Supply Depot, Siege Tank  
  47  4:15  SCV x2  
  50  4:21  Marine  
  47  4:27  SCV x2  
  47  4:37  Raven  
  48  4:39  SCV x2  
  48  4:40  Marine  
  48  4:41  Marine  
  52  4:51  SCV x2  
  54  4:56  Siege Tank  
  54  4:59  Marine x2  
  59  5:03  SCV x2  
  59  5:05  Supply Depot  
  61  5:15  SCV x2  
  63  5:23  Raven  
  65  5:30  SCV x2  
  65  5:34  Command Center  
  66  5:36  Marine x2  
  66  5:42  Siege Tank  
  71  5:43  Barracks  
  71  5:44  SCV  
  72  5:50  SCV  
  72  5:52  Supply Depot  
  72  5:56  SCV  
  73  6:01  Marine  
  73  6:02  SCV, Marine  
  73  6:07  Barracks  
  73  6:08  SCV  
  74  6:13  Raven  
  74  6:14  SCV  
  77  6:19  Marine  
  77  6:23  Marine  
  77  6:27  SCV, Siege Tank  
  78  6:41  Supply Depot x2  
  78  6:43  Engineering Bay x2  
  78  6:45  Marine  
  78  6:46  SCV x2  
  81  6:47  Supply Depot, Barracks Tech Lab  
  80  6:58  SCV x2, Orbital Command  
  81  7:05  Marine  
  78  7:23  SCV  
  78  7:26  Marine  
  78  7:27  Barracks Tech Lab, Stimpack  
  78  7:28  Siege Tank  
  78  7:29  Barracks Reactor, Starport Reactor  
  78  7:32  Terran Infantry Weapons Level 1  
  78  7:33  Terran Infantry Armor Level 1  
  78  7:34  Refinery  
  78  7:35  SCV  
  79  7:37  Orbital Command  
  79  7:43  SCV  
  80  7:44  Barracks, Marine  
  80  7:47  SCV  
  81  7:55  SCV  
  66  7:59  SCV, Marine  
  66  8:02  Marine  
  66  8:04  SCV  
  66  8:05  Marine  
  70  8:08  SCV  
  70  8:10  Marine  
  70  8:12  SCV  
  73  8:16  SCV  
  73  8:17  Marine  
  73  8:18  Medivac  
  73  8:19  Combat Shield  
  77  8:20  SCV, Marine, Medivac  
  77  8:23  Marine  
  77  8:24  SCV  
  83  8:28  Marine  
  83  8:32  SCV x2, Barracks  
  83  8:33  Siege Tank  
  89  8:36  SCV  
  89  8:38  Supply Depot, Barracks Reactor  
  89  8:39  Supply Depot, Marine  
  91  8:43  Refinery  
  91  8:46  SCV x2, Refinery  
  91  8:47  Marine x2  
  91  8:48  SCV  
  96  8:49  Marine  
  97  8:57  Marine  
  97  9:00  Medivac  
  100  9:05  Marine x2, Siege Tank  
  100  9:07  Marine  
  104  9:11  SCV x3  
  104  9:15  Marine  
  104  9:16  Supply Depot, Sensor Tower  
  108  9:18  Marine  
  108  9:19  Marine  
  108  9:21  Barracks Reactor  
  108  9:22  Marine  
  108  9:23  Marine  
  112  9:24  SCV x3, Marine  
  112  9:28  Supply Depot  
  116  9:33  Marine  
  116  9:36  Marine x2  
  119  9:40  Marine x2  
  119  9:42  Marine  
  114  9:47  Medivac  
  114  9:50  Marine  
  110  9:54  Marine x2  
  110  9:58  Marine x4  
  111  10:00  Marine  
  109  10:08  Marine  
  110  10:12  Marine x2  
  110  10:16  Marine x4  
  110  10:18  Marine  

Tags
 
Add a new tag
Caveats
  • Supply blocks, unpowered buildings, or Contaminate may cause inaccurate times.
  • Supply counts are checked every 10 seconds.